 Dungeon Crawl Stone Soup version 0.26-a0-651-gb41185065b (webtiles) character file.

Game seed: 6285191004066423748

(classic levelgen) 18050 EnegeticOcto the Cleaver (level 12, -1/112 HPs)
             Began as a Deep Dwarf Fighter on Oct 14, 2020.
             Was an Elder of Makhleb.
             Slain by a meliai
             ... wielding a +0 hand axe
              (9 damage)
             ... on level 13 of the Dungeon.
             The game lasted 00:05:57 (7179 turns).

EnegeticOcto the Cleaver (Deep Dwarf Fighter)       Turns: 7179, Time: 00:05:58

Health: -1/112     AC: 18    Str: 30    XL:     12   Next: 24%
Magic:  9/9        EV:  8    Int: 10    God:    Makhleb [****..]
Gold:   510        SH: 13    Dex: 12    Spells: 11/11 levels left

rFire    . . .     SeeInvis .   a - +1 broad axe
rCold    . . .     Faith    .   c - +0 kite shield
rNeg     . . .     Spirit   .   G - +2 chain mail {MR+}
rPois    .         Reflect  .   m - +2 helmet
rElec    .         Harm     .   p - +0 cloak
rCorr    .         Rampage  .   (no gloves)
MR       ++...                  (no boots)
Stlth    ..........             (no amulet)
HPRegen  0.00/turn              j - +4 ring of slaying {=R}
MPRegen  0.11/turn              F - +6 ring of strength

@: lethally poisoned (-1 -> -136), non-regenerating
A: damage resistance, heal wounds, sense surroundings 2, no regeneration
a: Heal Wounds, Minor Destruction, Lesser Servant of Makhleb, Major Destruction,
Renounce Religion


You were on level 13 of the Dungeon.
You worshipped Makhleb.
Makhleb was greatly pleased with you.
You visited 2 branches of the dungeon, and saw 14 of its levels.

You collected 510 gold pieces.

Inventory:

Hand Weapons
 a - a +1 broad axe (weapon)
Missiles
 D - 3 throwing nets (quivered)
Armour
 c - a +0 kite shield (worn)
 m - a +2 helmet (worn)
 p - a +0 cloak (worn)
 G - a +2 chain mail of magic resistance (worn)
Jewellery
 j - a +4 ring of slaying (left hand) {=R}
 w - an uncursed ring of protection from magic
 F - a +6 ring of strength (right hand)
Wands
 g - a wand of polymorph (9)
 i - a wand of iceblast (16) {@v2}
 k - a wand of acid (12) {@v1}
 t - a wand of paralysis (11)
 C - a wand of enslavement (9)
Scrolls
 b - 2 scrolls of enchant armour
 e - 6 scrolls of teleportation {@r3}
 f - 3 scrolls of remove curse {@r2}
 u - 2 scrolls of identify {@r1}
 x - a scroll of fog
Potions
 d - 3 potions of might {@q3}
 h - 2 potions of stabbing
 l - 3 potions of mutation
 n - 5 potions of curing {@q1}
 o - 6 potions of heal wounds {@q2}
 q - 2 potions of haste {@q4}
 r - 2 potions of resistance {@q5}
 s - a potion of degeneration
 v - 2 potions of berserk rage
 A - a potion of invisibility


   Skills:
 + Level 8.4 Fighting
 * Level 13.2 Axes
 + Level 10.0 Armour
 + Level 10.0 Shields
 + Level 8.4 Invocations


You had 11 spell levels left.
You didn't know any spells.
Your spell library was empty.

Dungeon Overview and Level Annotations

Branches:
Dungeon (13/15)            Temple (1/1) D:7            Lair (0/6) D:11
    Orc (0/2) D:12
 Vaults: D:13-14

Altars:
Ashenzari
Cheibriados
Dithmenos
Elyvilon
Fedhas
Kikubaaqudgha
Makhleb
Okawaru
Qazlal
Sif Muna
Trog
Uskayaw
Wu Jian
Xom
The Shining One

Shops:
D:5 *   D:12 (


Innate Abilities, Weirdness & Mutations

You are resistant to damage.
You can heal yourself by infusing magical energy.
You passively map the area around you.
You do not regenerate.


Message History

The queen bee calls on the killer bee to defend it!
The killer bee goes berserk!
The killer bee stings you but does no damage.
The meliai hits you with a +0 hand axe! The meliai stings you!
You are lethally poisoned!
The meliai poisons you! You block the hornet's attack.
You slash the hornet!
You kill the hornet!
Makhleb accepts your kill.
You feel better.
Your Armour skill increases to level 10!
You slice the meliai!! You slash the killer bee!
You feel extremely sick. You block the killer bee's attack.
The meliai hits you with a +0 hand axe!
The meliai stings you but does no damage.
The killer bee barely misses you. You block the killer bee's attack.
The meliai hits you with a +0 hand axe!
* * * LOW HITPOINT WARNING * * *
The meliai stings you but does no damage.
You block the killer bee's attack. The killer bee closely misses you.
The meliai closely misses you. The meliai stings you.
* * * LOW HITPOINT WARNING * * *
The queen bee calls on the killer bee to defend it!
The killer bee goes berserk!
The killer bee stings you but does no damage.
The killer bee stings you.
You are more poisoned.
The killer bee poisons you! The meliai hits you but does no damage.
The meliai stings you but does no damage.
You block the killer bee's attack. The killer bee barely misses you.
A killer bee comes into view.
There is a lethal amount of poison in your body!
There is a lethal amount of poison in your body!
There is a lethal amount of poison in your body!
You are too injured to fight recklessly!
You are too injured to fight recklessly!
You are too injured to fight recklessly!
You are too injured to fight recklessly!
You are too injured to fight recklessly!
You are too injured to fight recklessly!
You are too injured to fight recklessly!
You are too injured to fight recklessly!
You are too injured to fight recklessly!
There is a lethal amount of poison in your body!
There is a lethal amount of poison in your body!
You are too injured to fight recklessly!
You are too injured to fight recklessly!
You are too injured to fight recklessly!
You are too injured to fight recklessly!
You are too injured to fight recklessly!
You are too injured to fight recklessly!
You are too injured to fight recklessly!
You are too injured to fight recklessly!
You are too injured to fight recklessly!
Unknown command.
You feel much better.
You feel extremely sick. You block the killer bee's attack.
The meliai hits you with a +0 hand axe. The meliai stings you!
* * * LOW HITPOINT WARNING * * *
You are more poisoned.
The meliai poisons you! The killer bee stings you.
* * * LOW HITPOINT WARNING * * *
You block the killer bee's attack. The meliai barely misses you.
You block the meliai's attack. The killer bee closely misses you.
The killer bee barely misses you.
The killer bee stings you but does no damage.
The meliai hits you with a +0 hand axe!
* * * LOW HITPOINT WARNING * * *
The meliai stings you.
* * * LOW HITPOINT WARNING * * *
You are more poisoned.
The meliai poisons you! The killer bee closely misses you.
The killer bee stings you.
* * * LOW HITPOINT WARNING * * *
You are more poisoned.
The killer bee poisons you! The meliai hits you with a +0 hand axe!
* * * LOW HITPOINT WARNING * * *
The meliai stings you!
* * * LOW HITPOINT WARNING * * *
You are more poisoned.
The meliai poisons you!
You hear an angry buzzing noise.
Okay, then.
You feel much better.
You feel yourself speed up.
* * * LOW HITPOINT WARNING * * *
You feel extremely sick.
You hear an angry buzzing noise. x2
The killer bee stings you.
* * * LOW HITPOINT WARNING * * *
The killer bee rages.
You block the killer bee's attack. You block the meliai's attack.
The meliai stings you!
* * * LOW HITPOINT WARNING * * *
You are more poisoned.
The meliai poisons you! The killer bee stings you.
The killer bee stings you but does no damage.
The meliai hits you with a +0 hand axe!
You die...

............# , ,,
..........##(#........
,..........##.#.......?
*
*,..........##.#........
..........##.#........
.......:..##.#........ *
* ..........##.#........
*
..........##.#.y.?....,
######.####..@yy.....^
#.# ###.yy.y... #.#
####.....* ##.# ###.
##..# ,, , #..## , ,
####'#### ,, , #.......#
* #.......# ,


You could see a queen bee, a meliai (berserk) and 4 killer bees.

Vanquished Creatures
  Harold (D:7)
  3 two-headed ogres
  A deep elf mage (D:12)
  2 cyclopes
  2 ugly things
  A manticore (D:8)
  Maurice (D:9)
  A centaur skeleton (D:11)
  Psyche (D:10)
  A gargoyle (D:12)
  2 guardian serpents (D:12)
  3 trolls
  2 hippogriffs (D:11)
  A hornet (D:13)
  6 slime creatures (D:12)
  A shadow (D:12)
  3 wraiths
  2 vampires (D:12)
  A wyvern (D:11)
  11 yaks
  Grum (D:9)
  3 porcupines (D:11)
  An acid dragon (D:11)
  A black bear (D:11)
  5 sky beasts
  2 water moccasins
  3 orc warriors
  An eye of draining (D:11)
  An ice beast (D:6)
  A phantom (D:9)
  4 wolves (D:9)
  5 ogres
  A centaur (D:10)
  A crocodile (D:11)
  2 big kobolds
  9 bullfrogs
  A scorpion (D:6)
  19 killer bees
  16 wights
  A howler monkey (D:13)
  An electric eel (D:12)
  2 bullfrog zombies
  A centaur zombie (D:10)
  A bullfrog skeleton (D:8)
  3 jellies
  8 orc wizards
  3 hounds
  10 orc priests
  2 gnoll shamans
  2 iguanas
  5 worker ants
  2 hound skeletons
  A worker ant zombie (D:9)
  Robin (D:4)
  7 gnolls
  7 adders
  5 shadow imps
  2 white imps (D:6)
  2 ufetubi
  A worm (D:5)
  6 leopard geckos
  47 orcs
  A bat (D:1)
  3 giant cockroaches
  4 hobgoblins
  7 jackals
  A quokka (D:6)
  2 ball pythons
  2 frilled lizards
  11 goblins
  9 kobolds
  A leopard gecko zombie (D:4)
  5 rats (D:2)
289 creatures vanquished.

Vanquished Creatures (others)
  An adder (D:12)
  22 fungi (D:11)
  22 plants
45 creatures vanquished.

Grand Total: 334 creatures vanquished

Notes
Turn   | Place    | Note
-------+----------+-------------------------------------------
     0 | D:1      | EnegeticOcto the Deep Dwarf Fighter began the quest for the
                  | Orb.
     0 | D:1      | Reached XP level 1. HP: 20/20 MP: 1/1
   156 | D:2      | Reached XP level 2. HP: 27/27 MP: 2/2
   348 | D:4      | Noticed Robin
   355 | D:4      | Reached skill level 3 in Axes
   357 | D:4      | Reached XP level 3. HP: 28/33 MP: 3/3
   368 | D:4      | Killed Robin
   736 | D:5      | Entered Level 5 of the Dungeon
  1003 | D:5      | Reached XP level 4. HP: 23/42 MP: 4/4
  1006 | D:5      | Found Oghuoluh's Lightly-Used Armoury.
  1196 | D:5      | Reached skill level 4 in Axes
  1196 | D:5      | Reached XP level 5. HP: 36/49 MP: 5/5
  1320 | D:6      | Reached XP level 6. HP: 44/56 MP: 6/6
  1335 | D:6      | Reached skill level 5 in Axes
  1388 | D:6      | Reached XP level 7. HP: 41/64 MP: 5/5
  1441 | D:6      | Reached skill level 5 in Armour
  1441 | D:6      | Reached skill level 5 in Shields
  1534 | D:6      | Reached skill level 6 in Axes
  1625 | D:6      | Reached XP level 8. HP: 55/73 MP: 5/5
  1679 | D:6      | Reached skill level 7 in Axes
  1773 | D:6      | Reached skill level 5 in Fighting
  1961 | D:6      | Reached skill level 8 in Axes
  2427 | D:7      | Found a staircase to the Ecumenical Temple.
  2431 | D:7      | Noticed Harold
  2451 | D:7      | Killed Harold
  2451 | D:7      | Reached skill level 9 in Axes
  2451 | D:7      | Gained mutation: You passively map the area around you.
                  | [Deep Dwarf growth]
  2451 | D:7      | Reached XP level 9. HP: 40/82 MP: 5/5
  2463 | Temple   | Entered the Ecumenical Temple
  2511 | Temple   | Became a worshipper of Makhleb the Destroyer
  3138 | D:8      | Reached skill level 1 in Invocations
  3175 | D:8      | Noticed a two-headed ogre
  3193 | D:8      | Killed a two-headed ogre
  3324 | D:8      | Noticed a two-headed ogre
  3335 | D:8      | Killed a two-headed ogre
  3335 | D:8      | Reached skill level 10 in Axes
  3335 | D:8      | Reached XP level 10. HP: 66/92 MP: 7/7
  3359 | D:8      | Reached * piety under Makhleb
  3383 | D:8      | Noticed a manticore
  3398 | D:8      | Killed a manticore
  3850 | D:9      | Reached ** piety under Makhleb
  3895 | D:9      | Noticed Maurice
  3908 | D:9      | Killed Maurice
  4222 | D:9      | Reached skill level 5 in Invocations
  4270 | D:9      | Noticed Grum
  4286 | D:9      | Reached skill level 11 in Axes
  4294 | D:9      | Killed Grum
  4455 | D:10     | Entered Level 10 of the Dungeon
  4507 | D:10     | Noticed a green ugly thing
  4522 | D:10     | Killed a green ugly thing
  4969 | D:10     | Reached XP level 11. HP: 100/100 MP: 7/7
  4979 | D:10     | Reached *** piety under Makhleb
  5207 | D:10     | Noticed Psyche
  5212 | D:10     | Paralysed by Psyche for 3 turns
  5224 | D:10     | Killed Psyche
  5277 | D:11     | Found a shadowy altar of Dithmenos.
  5305 | D:11     | Noticed a two-headed ogre
  5313 | D:11     | Killed a two-headed ogre
  5359 | D:11     | Reached skill level 12 in Axes
  5439 | D:11     | Noticed a green ugly thing
  5450 | D:11     | Killed a green ugly thing
  5532 | D:11     | Reached **** piety under Makhleb
  5685 | D:11     | Found a staircase to the Lair.
  6253 | D:12     | Found a staircase to the Orcish Mines.
  6295 | D:12     | Noticed a deep elf mage
  6306 | D:12     | Killed a deep elf mage
  6319 | D:12     | Reached XP level 12. HP: 108/111 MP: 8/8
  6423 | D:12     | Reached skill level 13 in Axes
  6736 | D:12     | Reached skill level 10 in Shields
  6824 | D:12     | Found Yttif's Antique Weapon Emporium.
  7177 | D:13     | Reached skill level 10 in Armour
  7178 | D:13     | HP: 4/112 [meliai/+0 hand axe (8)]
  7179 | D:13     | Slain by a meliai

Illustrated notes

Levels and vault maps discovered:
D:1:      wander_arrival_chamber, layout_basic, minmay_statues_item
D:2:      layout_basic, serial_bayou, serial_bayou_pond_d, serial_bayou_pond_a,
          serial_bayou_lagoon_a, serial_bayou_lagoon_b
D:3:      layout_basic, grunt_gozag_statues
D:4:      layout_rooms, uniq_robin
D:5:      layout_loops_ring, minmay_misc_feat_tower, minmay_shop_damaged
D:6:      layout_loops_corners
D:7:      layout_basic, minmay_temple_entry_statues_fountains, uniq_harold
D:8:      layout_cave_pools, minmay_manual_monstrance
D:9:      layout_basic, serial_glass, glass_columns_b, glass_columns_b,
          glass_columns_b, glass_columns_b, glass_columns_b, glass_columns_a,
          hex_medium, uniq_maurice, uniq_grum
D:10:     layout_loops_corners, minivault_23, uniq_psyche
D:11:     layout_cave_pods, grunt_lair_entry_orc_guard_hut,
          grunt_dithmenos_smoke
D:12:     nrook_guardian_serpent_snake_passage, layout_basic, serial_shops,
          nicolae_shop_waterfront
D:13:     layout_roguey [special_room_bee], minmay_st_funbox, ashenzari_altar_1
Temple:   compressed_dpeg_triangle_lava_temple

Skill      XL: |  1  2  3  4  5  6  7  8  9 10 11 12 |
---------------+-------------------------------------+-----
Axes           | 3 4 5 6 9 10 11 12 13 | 13.2
Fighting       | 3 4 5 6 7 8 |  8.4
Armour         | 4 5 7 8 9 10 | 10.0
Shields        | 4 5 7 8 9 10 | 10.0
Invocations    | 3 5 7 8 |  8.4

Action                   |  1- 3 |  4- 6 |  7- 9 | 10-12 || total
-------------------------+-------+-------+-------+-------++-------
Melee: War axe           |    98 |    66 |   108 |       ||   272
       Broad axe         |       |       |   163 |   534 ||   697
Invok: Lesser Servant of |       |       |       |     1 ||     1
 Abil: Heal Wounds       |     1 |     6 |    11 |     9 ||    27
Evoke: Wand              |       |       |       |     7 ||     7
  Use: Scroll            |       |       |    14 |    10 ||    24
 Stab: Paralysed         |       |       |       |     5 ||     5
Armor: Scale mail        |    41 |    44 |    15 |       ||   100
       Chain mail        |       |       |   138 |   310 ||   448
Dodge: Dodged            |    33 |    26 |    58 |   163 ||   280
Block: Kite shield       |    55 |    48 |   180 |   412 ||   695

Table legend: (Time is in decaauts)
 A = Elapsed time spent in this place.
 B = Non-inter-level travel time spent in this place.
 C = Inter-level travel time spent in this place.
 D = Time resting spent in this place.
 E = Time spent auto-exploring this place.
 F = Levels seen in this place.
 G = Mean time per level.
                   A        B        C        D        E       F      G
               +--------+--------+--------+--------+--------+-----+--------+
         Total |   7389 |   6996 |    393 |      0 |   5153 |  14 |  527.8 |
       Dungeon |   7326 |   6947 |    379 |      0 |   5112 |  13 |  563.5 |
        Temple |     63 |     49 |     14 |      0 |     41 |   1 |   63.0 |
               +--------+--------+--------+--------+--------+-----+--------+

Top non-repeatable levels by time:
     D:6: 1137 daAuts
    D:11: 972 daAuts
    D:12: 934 daAuts
    D:10: 830 daAuts
     D:9: 825 daAuts
     D:7: 638 daAuts
     D:8: 597 daAuts
     D:5: 571 daAuts
     D:4: 513 daAuts
     D:2: 154 daAuts
     D:3: 69 daAuts
  Temple: 63 daAuts
    D:13: 50 daAuts
     D:1: 31 daAuts
